Canucks vs Canadiens
Created - March 7, 2022 at 19:00
Goals
|
| Canucks |
1 |
4 |
0 |
5 |
| Canadiens |
1 |
0 |
0 |
1 |
|
Shots
|
| Canucks |
12 |
9 |
5 |
26 |
| Canadiens |
8 |
14 |
10 |
32 |
|
1st period
1. Canadiens , Greg Stewart 15 (Travis Hamonic 15, Evgeni Malkin 28) at 9:28 (SH)
2. Canucks , Sam Gagner 16 (Robert Nilsson 27) at 16:40
Penalties :
Daniel Carcillo (Mon) for Interference (Minor) at 8:31, Jakub Vrana (Mon) for Hooking (Minor) at 12:57
2nd period
3. Canucks , Corey Perry 14 (Robert Nilsson 28) at 1:19
4. Canucks , Jamie Benn 11 (Derek Roy 19) at 4:54
5. Canucks , Jamie Benn 12 (Derek Roy 20, Jeff Schultz 19) at 10:18
6. Canucks , Robert Nilsson 21 (Drew Doughty 32) at 14:30 (PP)
Penalties :
Steve Downie (Mon) for Boarding (Minor) at 10:33, Mika Zibanejad (Mon) for Holding (Minor) at 14:26
3rd period
No Goal
Penalties :
Philip Larsen (Mon) for Hooking (Minor) at 5:12, Shea Weber (Van) for Tripping (Minor) at 14:25, Phil Kessel (Mon) for Tripping (Minor) at 18:08
Goalie Stats
Keith Kinkaid (Van), 31 saves from 32 shots - (0.969), W, 2-5-0, 60:00 minutes
Allen York (Mon), 7 saves from 8 shots - (0.875), 29:42 minutes
Kristers Gudlevskis (Mon), 14 saves from 18 shots - (0.778), L, 19-10-3, 30:18 minutes
Players Stats for Canucks
Player Name G A P +/- PIM S H SB GA TA FO MP PP MP PK MP
------------------------------------------------------------------------------------
Alex Goligoski 0 0 0 1 0 0 2 0 0 1 0/0 21:50 5:52 0:55
Cody Eakin 0 0 0 0 0 1 3 0 0 0 1/1 9:25 0:00 0:07
Corey Perry 1 0 1 2 0 1 0 0 0 0 1/3 23:32 5:25 0:00
Derek Roy 0 2 2 1 0 0 3 0 0 0 8/17 17:30 4:20 0:26
Drew Doughty 0 1 1 2 0 3 3 2 0 2 0/0 28:57 5:52 0:55
Fabian Brunnstrom 0 0 0 0 0 1 1 0 0 0 0/0 10:04 0:06 0:35
Gustav Nyquist 0 0 0 0 0 2 0 0 0 0 0/0 7:56 0:00 0:00
Jamie Benn 2 0 2 1 0 2 1 0 0 1 2/2 17:04 4:20 0:00
Jason Akeson 0 0 0 0 0 4 1 0 0 0 0/0 9:27 0:06 0:00
Jeff Schultz 0 1 1 0 0 0 0 0 1 1 0/0 15:11 3:59 0:00
Maxim Talbot 0 0 0 0 0 0 2 0 1 0 0/1 8:24 0:00 0:28
Michael Kostka 0 0 0 2 0 0 2 4 0 1 0/0 22:59 0:00 1:04
Nick Palmieri 0 0 0 1 0 3 0 0 1 2 0/0 18:13 4:26 0:58
Robert Nilsson 1 2 3 2 0 4 1 0 2 0 26/39 24:30 5:25 0:58
Sam Gagner 1 0 1 2 0 5 1 1 1 1 1/1 23:58 5:25 0:26
Shea Weber 0 0 0 1 2 0 0 0 0 0 0/0 9:31 0:00 0:00
William Lockwood 0 0 0 0 0 0 1 1 1 0 0/0 7:56 0:00 0:00
Yann Sauvé 0 0 0 0 0 0 0 2 0 0 0/0 21:33 3:59 1:04
Players Stats for Canadiens
Player Name G A P +/- PIM S H SB GA TA FO MP PP MP PK MP
------------------------------------------------------------------------------------
Brady Skjei 0 0 0 -2 0 1 0 3 1 0 0/0 20:26 1:05 0:47
Brian Dumoulin 0 0 0 -1 0 2 1 2 0 1 0/0 20:22 0:54 0:00
Bryce Lampman 0 0 0 -1 0 1 1 1 0 1 0/0 16:20 0:00 5:37
Chris Kreider 0 0 0 0 0 5 4 0 0 0 1/1 19:27 1:02 2:23
Daniel Carcillo 0 0 0 -1 2 0 1 0 1 1 0/0 14:31 0:00 4:06
Dave Bolland 0 0 0 -1 0 2 1 0 0 0 4/10 12:29 0:00 5:31
Evgeni Malkin 0 1 1 -1 0 4 2 1 1 2 8/21 18:11 0:57 1:25
Greg Stewart 1 0 1 -1 0 1 1 0 0 0 0/0 17:11 0:57 0:27
Jakub Vrana 0 0 0 -1 2 0 1 0 0 0 1/1 6:50 0:00 0:00
Jordan Szwarz 0 0 0 -1 0 0 0 0 0 0 1/1 12:18 0:00 2:55
Mark Stuart 0 0 0 -1 0 3 2 1 0 1 0/0 23:55 0:00 5:37
Mika Zibanejad 0 0 0 0 2 7 1 1 2 0 8/22 17:01 1:02 0:00
Nick Spaling 0 0 0 -1 0 0 0 1 0 1 2/7 12:18 0:00 2:55
Phil Kessel 0 0 0 0 2 3 1 0 1 0 0/1 17:01 1:02 0:00
Philip Larsen 0 0 0 0 2 1 1 1 0 0 0/0 15:39 0:54 3:27
Pierre-Marc Bouchard 0 0 0 -1 0 1 1 0 0 0 0/0 6:50 0:00 0:00
Steve Downie 0 0 0 -2 2 0 4 0 1 0 0/0 15:56 0:57 0:00
Travis Hamonic 0 1 1 -1 0 1 0 1 2 0 0/0 23:18 1:05 4:14
3 Stars
1 - Robert Nilsson (Van)
2 - Jamie Benn (Van)
3 - Keith Kinkaid (Van)
Power Play
Canucks - 1 on 6 Attempt(s) - 16.67%
Canadiens - 0 on 1 Attempt(s) - 0.00%
Penalty Kill
Canucks - 1 on 1 Attempt(s) - 100.00%
- Score 0 goal in Penalty Kill
Canadiens - 5 on 6 Attempt(s) - 83.33%
- Score 1 goal in Penalty Kill
Team Stat
Canucks - Hits : 21 - Faceoff Wins : 39 - Blocked Shots : 10 - Penalty Minutes : 2
Canadiens - Hits : 22 - Faceoff Wins : 25 - Blocked Shots : 12 - Penalty Minutes : 12
Official
Referees : Kevin Pollock and Jacob Brenk
Linesman : Tony Sericolo and Brad Kovachik
Game Notes
Allen York enters game at 10:18 of 2nd period
Finance
Level 1 -- Attendance: 6000 (100.00%) -- Ticket Income $600,000
Level 2 -- Attendance: 4901 (98.02%) -- Ticket Income $294,060
Level 3 -- Attendance: 1889 (94.45%) -- Ticket Income $66,115
Level 4 -- Attendance: 4000 (100.00%) -- Ticket Income $100,000
Luxury Box -- Attendance: 925 (92.50%) -- Ticket Income $185,000
Game was played at the Centre Bell.
Total Attendance: 17715 (98.42%)
Total Ticket Income: $1,245,175
Other Income: $186,776
Total Income: $1,431,951
Canucks
5 vs 5 Forward
Center Left Wing Right Wing Time % Phy DF OF
1 Robert Nilsson Sam Gagner Corey Perry 56 2 0 3
2 Derek Roy Jamie Benn Nick Palmieri 30 1 2 2
3 Cody Eakin Fabian Brunnstrom Jason Akeson 9 2 3 0
4 Maxim Talbot Gustav Nyquist William Lockwood 5 2 3 0
5 vs 5 Defense
Defense Defense Time % Phy DF OF
1 Drew Doughty Michael Kostka 50 1 2 2
2 Alex Goligoski Yann Sauvé 35 0 3 2
3 Jeff Schultz Shea Weber 10 1 3 1
4 Drew Doughty Alex Goligoski 5 0 2 3
PowerPlay Forward
Center Left Wing Right Wing Time % Phy DF OF
1 Robert Nilsson Sam Gagner Corey Perry 70 0 0 5
2 Derek Roy Jamie Benn Nick Palmieri 30 0 2 3
PowerPlay Defense
Defense Defense Time % Phy DF OF
1 Drew Doughty Alex Goligoski 60 0 0 5
2 Yann Sauvé Jeff Schultz 40 0 0 5
Penalty Kill 4 Players Forward
Center Wing Time % Phy DF OF
1 Robert Nilsson Nick Palmieri 60 2 3 0
2 Derek Roy Sam Gagner 40 3 2 0
Penalty Kill 4 Players Defense
Defense Defense Time % Phy DF OF
1 Michael Kostka Yann Sauvé 60 3 2 0
2 Alex Goligoski Drew Doughty 40 2 3 0
Penalty Kill - 3 Players Forward
Forward Time % Phy DF OF
1 Robert Nilsson 60 1 2 2
2 Derek Roy 40 1 2 2
Penalty Kill - 3 Players Defense
Defense Defense Time % Phy DF OF
1 Yann Sauvé Michael Kostka 65 1 2 2
2 Alex Goligoski Drew Doughty 35 1 2 2
4 vs 4 Forward
Center Wing Time % Phy DF OF
1 Robert Nilsson Sam Gagner 60 1 2 2
2 Derek Roy Corey Perry 40 1 2 2
4 vs 4 Defense
Defense Defense Time % Phy DF OF
1 Michael Kostka Drew Doughty 60 1 2 2
2 Alex Goligoski Yann Sauvé 40 1 2 2
Last Minutes Offensive
Center Left Wing Right Wing Defense Defense
Robert Nilsson Sam Gagner Nick Palmieri Jeff Schultz Alex Goligoski
Last Minutes Defensive
Center Left Wing Right Wing Defense Defense
Robert Nilsson Sam Gagner Corey Perry Michael Kostka Yann Sauvé
Goaltenders
Starting : Keith Kinkaid
Backup : Pekka Rinne
Extra Forwards
Normal : Fabian Brunnstrom, Jason Akeson, Maxim Talbot - PP : Fabian Brunnstrom, Jason Akeson - PK : Maxim Talbot
Extra Defensemen
Normal : Drew Doughty, Yann Sauvé, Michael Kostka - PP : Drew Doughty - PK : Yann Sauvé, Michael Kostka
Penalty Shots
Derek Roy, Robert Nilsson, Drew Doughty, Sam Gagner, Corey Perry
Scratches
Alexander Steen (Healthy), Simon Despres (Healthy)
Canadiens
5 vs 5 Forward
Center Left Wing Right Wing Time % Phy DF OF
1 Mika Zibanejad Chris Kreider Phil Kessel 40 0 2 3
2 Evgeni Malkin Greg Stewart Steve Downie 35 0 2 3
3 Nick Spaling Daniel Carcillo Jordan Szwarz 20 0 2 3
4 Dave Bolland Jakub Vrana Pierre-Marc Bouchard 5 0 3 2
5 vs 5 Defense
Defense Defense Time % Phy DF OF
1 Travis Hamonic Brady Skjei 40 0 3 2
2 Brian Dumoulin Mark Stuart 35 0 3 2
3 Philip Larsen Bryce Lampman 15 0 3 2
4 Travis Hamonic Brady Skjei 10 0 2 3
PowerPlay Forward
Center Left Wing Right Wing Time % Phy DF OF
1 Mika Zibanejad Chris Kreider Phil Kessel 50 0 1 4
2 Evgeni Malkin Greg Stewart Steve Downie 50 0 1 4
PowerPlay Defense
Defense Defense Time % Phy DF OF
1 Travis Hamonic Brady Skjei 50 0 1 4
2 Philip Larsen Brian Dumoulin 50 0 1 4
Penalty Kill 4 Players Forward
Center Wing Time % Phy DF OF
1 Dave Bolland Daniel Carcillo 60 0 3 2
2 Nick Spaling Jordan Szwarz 40 0 3 2
Penalty Kill 4 Players Defense
Defense Defense Time % Phy DF OF
1 Bryce Lampman Mark Stuart 60 0 3 2
2 Philip Larsen Travis Hamonic 40 0 3 2
Penalty Kill - 3 Players Forward
Forward Time % Phy DF OF
1 Dave Bolland 60 1 4 0
2 Nick Spaling 40 0 4 1
Penalty Kill - 3 Players Defense
Defense Defense Time % Phy DF OF
1 Travis Hamonic Mark Stuart 60 0 4 1
2 Bryce Lampman Brian Dumoulin 40 0 4 1
4 vs 4 Forward
Center Wing Time % Phy DF OF
1 Evgeni Malkin Chris Kreider 60 0 2 3
2 Mika Zibanejad Phil Kessel 40 0 2 3
4 vs 4 Defense
Defense Defense Time % Phy DF OF
1 Travis Hamonic Brady Skjei 60 0 2 3
2 Brian Dumoulin Mark Stuart 40 0 2 3
Last Minutes Offensive
Center Left Wing Right Wing Defense Defense
Evgeni Malkin Chris Kreider Phil Kessel Travis Hamonic Brady Skjei
Last Minutes Defensive
Center Left Wing Right Wing Defense Defense
Evgeni Malkin Chris Kreider Phil Kessel Travis Hamonic Brady Skjei
Goaltenders
Starting : Kristers Gudlevskis
Backup : Allen York
Extra Forwards
Normal : Chris Kreider, Phil Kessel, Evgeni Malkin - PP : Chris Kreider, Mika Zibanejad - PK : Daniel Carcillo
Extra Defensemen
Normal : Brady Skjei, Travis Hamonic, Brian Dumoulin - PP : Brady Skjei - PK : Travis Hamonic, Mark Stuart
Penalty Shots
Evgeni Malkin, Chris Kreider, Phil Kessel, Mika Zibanejad, Greg Stewart
Scratches
None
% Time on Ice - Canucks
Lines # - Real PCT - Wanted PCT - Time Play
Normal Forward
1 - 38% - 56% - 18:14
2 - 26% - 30% - 12:44
3 - 19% - 9% - 9:16
4 - 16% - 5% - 7:56
Normal Defense
1 - 48% - 50% - 23:01
2 - 31% - 35% - 14:42
3 - 20% - 10% - 9:30
4 - 2% - 5% - 0:57
PP Forward
1 - 56% - 70% - 5:31
2 - 44% - 30% - 4:20
PP Defense
1 - 60% - 60% - 5:52
2 - 40% - 40% - 3:59
PK Forward
1 - 78% - 60% - 1:33
2 - 22% - 40% - 0:26
PK Defense
1 - 54% - 60% - 1:04
2 - 46% - 40% - 0:55
PK3 Forward
1 - 0% - 60%
2 - 0% - 40%
PK3 Defense
1 - 0% - 65%
2 - 0% - 35%
44 Forward
1 - 0% - 60%
2 - 0% - 40%
44 Defense
1 - 0% - 60%
2 - 0% - 40%
Last Minute Offensive - 0:00
Last Minute Defensive - 0:00
Total
Forward - 60:00
Defense - 60:00
|
% Time on Ice - Canadiens
Lines # - Real PCT - Wanted PCT - Time Play
Normal Forward
1 - 35% - 40% - 17:05
2 - 31% - 35% - 14:52
3 - 19% - 20% - 9:23
4 - 14% - 5% - 6:50
Normal Defense
1 - 36% - 40% - 17:08
2 - 39% - 35% - 18:54
3 - 22% - 15% - 10:22
4 - 4% - 10% - 1:46
PP Forward
1 - 52% - 50% - 1:02
2 - 48% - 50% - 0:57
PP Defense
1 - 55% - 50% - 1:05
2 - 45% - 50% - 0:54
PK Forward
1 - 70% - 60% - 6:56
2 - 30% - 40% - 2:55
PK Defense
1 - 57% - 60% - 5:37
2 - 43% - 40% - 4:14
PK3 Forward
1 - 0% - 60%
2 - 0% - 40%
PK3 Defense
1 - 0% - 60%
2 - 0% - 40%
44 Forward
1 - 0% - 60%
2 - 0% - 40%
44 Defense
1 - 0% - 60%
2 - 0% - 40%
Last Minute Offensive - 0:00
Last Minute Defensive - 0:00
Total
Forward - 60:00
Defense - 60:00
|
Play-by-Play
1st period
0:01 of 1st period - Robert Nilsson wins face-off versus Mika Zibanejad in neutral zone.
0:27 of 1st period - Greg Stewart is hit by Jamie Benn and loses puck.
0:32 of 1st period - Snap shot by Nick Palmieri.
0:32 of 1st period - Stopped by Kristers Gudlevskis with a rebound.
2:24 of 1st period - Snap shot by Jason Akeson.
2:24 of 1st period - Stopped by Kristers Gudlevskis with a rebound.
2:40 of 1st period - Wrist shot by Evgeni Malkin.
2:40 of 1st period - Stopped by Keith Kinkaid without a rebound.
2:41 of 1st period - Evgeni Malkin wins face-off versus Robert Nilsson in Canucks zone.
2:44 of 1st period - Snap shot by Evgeni Malkin.
2:44 of 1st period - Shot Misses the Net.
2:58 of 1st period - Wrist shot by Corey Perry.
2:58 of 1st period - Shot Misses the Net.
3:18 of 1st period - Wrist shot by Mika Zibanejad.
3:18 of 1st period - Stopped by Keith Kinkaid with a rebound.
3:22 of 1st period - Wrist shot by Phil Kessel.
3:22 of 1st period - Stopped by Keith Kinkaid with a rebound.
3:42 of 1st period - Wrist shot by Daniel Carcillo.
3:42 of 1st period - Shot Misses the Net.
4:14 of 1st period - Slapshot by Greg Stewart.
4:14 of 1st period - Shot Blocked by Michael Kostka.
5:56 of 1st period - Off-side.
5:57 of 1st period - Mika Zibanejad wins face-off versus Robert Nilsson in neutral zone.
6:23 of 1st period - Steve Downie is hit by Derek Roy.
6:51 of 1st period - Daniel Carcillo is hit by Alex Goligoski and loses puck.
6:59 of 1st period - Icing by Travis Hamonic.
7:00 of 1st period - Robert Nilsson wins face-off versus Dave Bolland in Canadiens zone.
7:15 of 1st period - Wrist shot by Robert Nilsson.
7:15 of 1st period - Stopped by Kristers Gudlevskis without a rebound.
7:16 of 1st period - Mika Zibanejad wins face-off versus Robert Nilsson in Canadiens zone.
7:29 of 1st period - Snap shot by Robert Nilsson.
7:29 of 1st period - Deflect By Sam Gagner.
7:29 of 1st period - Stopped by Kristers Gudlevskis without a rebound.
7:30 of 1st period - Mika Zibanejad wins face-off versus Corey Perry in Canadiens zone.
7:30 of 1st period - Mika Zibanejad is hit by Michael Kostka.
7:56 of 1st period - Jamie Benn is hit by Evgeni Malkin and loses puck.
8:31 of 1st period - Minor Penalty to Daniel Carcillo for Interference.
8:32 of 1st period - Dave Bolland wins face-off versus Robert Nilsson in Canadiens zone.
9:04 of 1st period - Snap shot by Jamie Benn.
9:04 of 1st period - Shot Misses the Net.
9:24 of 1st period - Snap shot by Evgeni Malkin.
9:24 of 1st period - Stopped by Keith Kinkaid with a rebound.
9:26 of 1st period - Slapshot by Travis Hamonic.
9:26 of 1st period - Shot Misses the Net.
9:28 of 1st period - Snap shot by Greg Stewart.
9:28 of 1st period - Goal by Greg Stewart - Canucks : 0 - Canadiens : 1.
9:29 of 1st period - Dave Bolland wins face-off versus Robert Nilsson in neutral zone.
10:31 of 1st period - Penalty to Daniel Carcillo is over, Daniel Carcillo is back on ice.
11:25 of 1st period - Backhand shot by Evgeni Malkin.
11:25 of 1st period - Stopped by Keith Kinkaid without a rebound.
11:26 of 1st period - Chris Kreider wins face-off versus Derek Roy in Canucks zone.
11:53 of 1st period - Dave Bolland is hit by Cody Eakin and loses puck.
11:58 of 1st period - Snap shot by Jason Akeson.
11:58 of 1st period - Stopped by Kristers Gudlevskis without a rebound.
11:59 of 1st period - Robert Nilsson wins face-off versus Mika Zibanejad in Canadiens zone.
12:02 of 1st period - Backhand shot by Corey Perry.
12:02 of 1st period - Shot Blocked by Mika Zibanejad.
12:35 of 1st period - Jamie Benn is hit by Daniel Carcillo and loses puck.
12:57 of 1st period - Minor Penalty to Jakub Vrana for Hooking.
12:58 of 1st period - Robert Nilsson wins face-off versus Dave Bolland in Canadiens zone.
13:12 of 1st period - Slapshot by Drew Doughty.
13:12 of 1st period - Shot Misses the Net.
13:14 of 1st period - Wrist shot by Drew Doughty.
13:14 of 1st period - Shot Blocked by Bryce Lampman.
14:57 of 1st period - Penalty to Jakub Vrana is over, Jakub Vrana is back on ice.
15:34 of 1st period - Yann Sauvé is hit by Chris Kreider and loses puck.
15:45 of 1st period - Brady Skjei is hit by Fabian Brunnstrom and loses puck.
16:17 of 1st period - Slapshot by Chris Kreider.
16:17 of 1st period - Shot Blocked by Yann Sauvé.
16:29 of 1st period - Brady Skjei is hit by Jason Akeson and loses puck.
16:34 of 1st period - Wrist shot by Jason Akeson.
16:34 of 1st period - Stopped by Kristers Gudlevskis with a rebound.
16:36 of 1st period - Snap shot by Fabian Brunnstrom.
16:36 of 1st period - Shot Misses the Net.
16:38 of 1st period - Snap shot by Fabian Brunnstrom.
16:38 of 1st period - Stopped by Kristers Gudlevskis without a rebound.
16:39 of 1st period - Robert Nilsson wins face-off versus Evgeni Malkin in Canadiens zone.
16:40 of 1st period - Wrist shot by Sam Gagner.
16:40 of 1st period - Goal by Sam Gagner - Canucks : 1 - Canadiens : 1.
16:41 of 1st period - Evgeni Malkin wins face-off versus Robert Nilsson in neutral zone.
16:51 of 1st period - Steve Downie is hit by Drew Doughty and loses puck.
16:58 of 1st period - Snap shot by Sam Gagner.
16:58 of 1st period - Stopped by Kristers Gudlevskis without a rebound.
16:59 of 1st period - Derek Roy wins face-off versus Nick Spaling in Canadiens zone.
17:00 of 1st period - Slapshot by Nick Palmieri.
17:00 of 1st period - Stopped by Kristers Gudlevskis without a rebound.
17:01 of 1st period - Derek Roy wins face-off versus Nick Spaling in Canadiens zone.
17:02 of 1st period - Snap shot by Drew Doughty.
17:02 of 1st period - Stopped by Kristers Gudlevskis without a rebound.
17:03 of 1st period - Jordan Szwarz wins face-off versus Derek Roy in Canadiens zone.
17:07 of 1st period - Icing by Travis Hamonic.
17:08 of 1st period - Derek Roy wins face-off versus Nick Spaling in Canadiens zone.
17:13 of 1st period - Snap shot by Nick Palmieri.
17:13 of 1st period - Stopped by Kristers Gudlevskis without a rebound.
17:14 of 1st period - Robert Nilsson wins face-off versus Evgeni Malkin in Canadiens zone.
17:40 of 1st period - Icing by Travis Hamonic.
17:41 of 1st period - Mika Zibanejad wins face-off versus Derek Roy in Canadiens zone.
17:55 of 1st period - Snap shot by Jamie Benn.
17:55 of 1st period - Shot Misses the Net.
18:59 of 1st period - Slapshot by Chris Kreider.
18:59 of 1st period - Shot Blocked by Michael Kostka.
19:01 of 1st period - Slapshot by Chris Kreider.
19:01 of 1st period - Shot Blocked by Michael Kostka.
19:03 of 1st period - Snap shot by Mika Zibanejad.
19:03 of 1st period - Stopped by Keith Kinkaid without a rebound.
19:04 of 1st period - Robert Nilsson wins face-off versus Evgeni Malkin in Canucks zone.
19:21 of 1st period - Jeff Schultz is hit by Steve Downie and loses puck.
19:32 of 1st period - Slapshot by Phil Kessel.
19:32 of 1st period - Stopped by Keith Kinkaid without a rebound.
19:33 of 1st period - Derek Roy wins face-off versus Mika Zibanejad in Canucks zone.
19:38 of 1st period - Chris Kreider is hit by Michael Kostka and loses puck.
19:59 of 1st period - Michael Kostka is hit by Steve Downie and loses puck.
Goals for this period are 1 for Canucks vs 1 for Canadiens.
Shots for this period are 12 for Canucks vs 8 for Canadiens.
2nd period
0:01 of 2nd period - Evgeni Malkin wins face-off versus Robert Nilsson in neutral zone.
0:14 of 2nd period - Snap shot by Robert Nilsson.
0:14 of 2nd period - Stopped by Kristers Gudlevskis with a rebound.
0:45 of 2nd period - Icing by Alex Goligoski.
0:46 of 2nd period - Nick Spaling wins face-off versus Maxim Talbot in Canucks zone.
1:17 of 2nd period - Snap shot by Corey Perry.
1:17 of 2nd period - Shot Misses the Net.
1:19 of 2nd period - Snap shot by Corey Perry.
1:19 of 2nd period - Goal by Corey Perry - Canucks : 2 - Canadiens : 1.
1:20 of 2nd period - Evgeni Malkin wins face-off versus Robert Nilsson in neutral zone.
1:54 of 2nd period - Mark Stuart is hit by Derek Roy and loses puck.
2:15 of 2nd period - Mark Stuart is hit by Cody Eakin.
2:38 of 2nd period - Icing by Daniel Carcillo.
2:39 of 2nd period - Robert Nilsson wins face-off versus Nick Spaling in Canadiens zone.
3:28 of 2nd period - Slapshot by Jason Akeson.
3:28 of 2nd period - Stopped by Kristers Gudlevskis with a rebound.
3:30 of 2nd period - Snap shot by Jeff Schultz.
3:30 of 2nd period - Shot Misses the Net.
3:52 of 2nd period - Philip Larsen is hit by Maxim Talbot and loses puck.
4:22 of 2nd period - Snap shot by Sam Gagner.
4:22 of 2nd period - Stopped by Kristers Gudlevskis without a rebound.
4:23 of 2nd period - Robert Nilsson wins face-off versus Mika Zibanejad in Canadiens zone.
4:49 of 2nd period - Travis Hamonic is hit by Derek Roy and loses puck.
4:54 of 2nd period - Wrist shot by Jamie Benn.
4:54 of 2nd period - Goal by Jamie Benn - Canucks : 3 - Canadiens : 1.
4:55 of 2nd period - Robert Nilsson wins face-off versus Mika Zibanejad in neutral zone.
5:00 of 2nd period - Slapshot by Corey Perry.
5:00 of 2nd period - Shot Misses the Net.
5:06 of 2nd period - Snap shot by Sam Gagner.
5:06 of 2nd period - Deflect By Phil Kessel.
5:06 of 2nd period - Shot Misses the Net.
5:06 of 2nd period - Puck is out of play.
5:07 of 2nd period - Mika Zibanejad wins face-off versus Robert Nilsson in Canadiens zone.
5:07 of 2nd period - Mika Zibanejad is hit by Drew Doughty.
5:17 of 2nd period - Snap shot by Phil Kessel.
5:17 of 2nd period - Shot Blocked by Michael Kostka.
5:46 of 2nd period - Nick Palmieri is hit by Steve Downie and loses puck.
5:57 of 2nd period - Travis Hamonic is hit by Maxim Talbot and loses puck.
6:08 of 2nd period - Wrist shot by Shea Weber.
6:08 of 2nd period - Shot Blocked by Brady Skjei.
6:30 of 2nd period - Snap shot by Chris Kreider.
6:30 of 2nd period - Shot Misses the Net.
6:52 of 2nd period - Slapshot by Philip Larsen.
6:52 of 2nd period - Stopped by Keith Kinkaid without a rebound.
6:53 of 2nd period - Corey Perry wins face-off versus Evgeni Malkin in Canucks zone.
7:26 of 2nd period - Slapshot by Mark Stuart.
7:26 of 2nd period - Stopped by Keith Kinkaid with a rebound.
7:28 of 2nd period - Slapshot by Brian Dumoulin.
7:28 of 2nd period - Shot Blocked by Drew Doughty.
7:30 of 2nd period - Wrist shot by Mika Zibanejad.
7:30 of 2nd period - Stopped by Keith Kinkaid with a rebound.
7:50 of 2nd period - Snap shot by Fabian Brunnstrom.
7:50 of 2nd period - Shot Misses the Net.
7:52 of 2nd period - Slapshot by Drew Doughty.
7:52 of 2nd period - Shot Blocked by Nick Spaling.
8:10 of 2nd period - Wrist shot by Brady Skjei.
8:10 of 2nd period - Stopped by Keith Kinkaid without a rebound.
8:11 of 2nd period - Jakub Vrana wins face-off versus Robert Nilsson in Canucks zone.
8:16 of 2nd period - Wrist shot by Pierre-Marc Bouchard.
8:16 of 2nd period - Stopped by Keith Kinkaid without a rebound.
8:17 of 2nd period - Robert Nilsson wins face-off versus Evgeni Malkin in Canucks zone.
8:26 of 2nd period - Slapshot by Sam Gagner.
8:26 of 2nd period - Shot Blocked by Philip Larsen.
9:30 of 2nd period - Snap shot by Bryce Lampman.
9:30 of 2nd period - Deflect By Gustav Nyquist.
9:30 of 2nd period - Stopped by Keith Kinkaid with a rebound.
10:18 of 2nd period - Snap shot by Jamie Benn.
10:18 of 2nd period - Goal by Jamie Benn - Canucks : 4 - Canadiens : 1.
10:18 of 2nd period - Allen York enters game.
10:19 of 2nd period - Robert Nilsson wins face-off versus Evgeni Malkin in neutral zone.
10:28 of 2nd period - Snap shot by Sam Gagner.
10:28 of 2nd period - Shot Misses the Net.
10:33 of 2nd period - Minor Penalty to Steve Downie for Boarding.
10:34 of 2nd period - Dave Bolland wins face-off versus Robert Nilsson in Canadiens zone.
10:40 of 2nd period - Mark Stuart is hit by Drew Doughty and loses puck.
11:49 of 2nd period - Jeff Schultz is hit by Chris Kreider and loses puck.
12:16 of 2nd period - Icing by Nick Palmieri.
12:17 of 2nd period - Derek Roy wins face-off versus Nick Spaling in Canucks zone.
12:33 of 2nd period - Penalty to Steve Downie is over, Steve Downie is back on ice.
12:53 of 2nd period - Off-side.
12:54 of 2nd period - Derek Roy wins face-off versus Evgeni Malkin in neutral zone.
13:10 of 2nd period - Slapshot by Drew Doughty.
13:10 of 2nd period - Stopped by Allen York without a rebound.
13:11 of 2nd period - Robert Nilsson wins face-off versus Mika Zibanejad in Canadiens zone.
13:19 of 2nd period - Mika Zibanejad is hit by Robert Nilsson and loses puck.
13:24 of 2nd period - Snap shot by Chris Kreider.
13:24 of 2nd period - Stopped by Keith Kinkaid without a rebound.
13:25 of 2nd period - Robert Nilsson wins face-off versus Evgeni Malkin in Canucks zone.
13:25 of 2nd period - Robert Nilsson is hit by Mark Stuart.
13:30 of 2nd period - Michael Kostka is hit by Mark Stuart and loses puck.
13:39 of 2nd period - Slapshot by Steve Downie.
13:39 of 2nd period - Shot Blocked by Drew Doughty.
13:41 of 2nd period - Snap shot by Greg Stewart.
13:41 of 2nd period - Shot Misses the Net.
13:51 of 2nd period - Snap shot by Chris Kreider.
13:51 of 2nd period - Stopped by Keith Kinkaid without a rebound.
13:52 of 2nd period - Derek Roy wins face-off versus Mika Zibanejad in Canucks zone.
13:59 of 2nd period - Icing by Alex Goligoski.
14:00 of 2nd period - Mika Zibanejad wins face-off versus Derek Roy in Canucks zone.
14:03 of 2nd period - Snap shot by Chris Kreider.
14:03 of 2nd period - Stopped by Keith Kinkaid without a rebound.
14:04 of 2nd period - Robert Nilsson wins face-off versus Mika Zibanejad in Canucks zone.
14:04 of 2nd period - Robert Nilsson is hit by Chris Kreider.
14:26 of 2nd period - Minor Penalty to Mika Zibanejad for Holding.
14:27 of 2nd period - Robert Nilsson wins face-off versus Dave Bolland in Canadiens zone.
14:30 of 2nd period - Wrist shot by Robert Nilsson.
14:30 of 2nd period - Goal by Robert Nilsson - Canucks : 5 - Canadiens : 1.
14:31 of 2nd period - Evgeni Malkin wins face-off versus Corey Perry in neutral zone.
14:34 of 2nd period - Backhand shot by Travis Hamonic.
14:34 of 2nd period - Stopped by Keith Kinkaid with a rebound.
14:36 of 2nd period - Slapshot by Travis Hamonic.
14:36 of 2nd period - Shot Blocked by Sam Gagner.
14:48 of 2nd period - Snap shot by Greg Stewart.
14:48 of 2nd period - Deflect By Evgeni Malkin.
14:48 of 2nd period - Shot Misses the Net.
14:48 of 2nd period - Puck is out of play.
14:49 of 2nd period - Mika Zibanejad wins face-off versus Derek Roy in Canucks zone.
14:58 of 2nd period - Wrist shot by Mika Zibanejad.
14:58 of 2nd period - Stopped by Keith Kinkaid with a rebound.
15:00 of 2nd period - Snap shot by Mika Zibanejad.
15:00 of 2nd period - Stopped by Keith Kinkaid without a rebound.
15:01 of 2nd period - Robert Nilsson wins face-off versus Evgeni Malkin in Canucks zone.
15:01 of 2nd period - Robert Nilsson is hit by Steve Downie.
15:15 of 2nd period - Snap shot by Corey Perry.
15:15 of 2nd period - Shot Blocked by Brady Skjei.
15:17 of 2nd period - Backhand shot by Drew Doughty.
15:17 of 2nd period - Shot Blocked by Travis Hamonic.
15:27 of 2nd period - Jamie Benn is hit by Chris Kreider and loses puck.
15:49 of 2nd period - Wrist shot by Dave Bolland.
15:49 of 2nd period - Stopped by Keith Kinkaid with a rebound.
16:01 of 2nd period - Wrist shot by Dave Bolland.
16:01 of 2nd period - Shot Blocked by William Lockwood.
16:03 of 2nd period - Slapshot by Mark Stuart.
16:03 of 2nd period - Stopped by Keith Kinkaid with a rebound.
16:40 of 2nd period - Off-side.
16:41 of 2nd period - Robert Nilsson wins face-off versus Evgeni Malkin in neutral zone.
16:54 of 2nd period - Snap shot by Sam Gagner.
16:54 of 2nd period - Stopped by Allen York without a rebound.
16:55 of 2nd period - Robert Nilsson wins face-off versus Mika Zibanejad in Canadiens zone.
17:37 of 2nd period - Slapshot by Yann Sauvé.
17:37 of 2nd period - Deflect By Corey Perry.
17:37 of 2nd period - Shot Blocked by Brady Skjei.
17:37 of 2nd period - Puck is out of play.
17:38 of 2nd period - Evgeni Malkin wins face-off versus Derek Roy in Canadiens zone.
19:39 of 2nd period - Jeff Schultz is hit by Dave Bolland and loses puck.
19:46 of 2nd period - Brian Dumoulin is hit by William Lockwood.
Goals for this period are 4 for Canucks vs 0 for Canadiens.
Shots for this period are 9 for Canucks vs 14 for Canadiens.
3rd period
0:01 of 3rd period - Robert Nilsson wins face-off versus Mika Zibanejad in neutral zone.
0:34 of 3rd period - Wrist shot by Evgeni Malkin.
0:34 of 3rd period - Stopped by Keith Kinkaid with a rebound.
0:36 of 3rd period - Snap shot by Brian Dumoulin.
0:36 of 3rd period - Stopped by Keith Kinkaid with a rebound.
0:38 of 3rd period - Snap shot by Greg Stewart.
0:38 of 3rd period - Shot Misses the Net.
0:48 of 3rd period - Jordan Szwarz is hit by Cody Eakin and loses puck.
0:57 of 3rd period - Snap shot by Jason Akeson.
0:57 of 3rd period - Shot Blocked by Brian Dumoulin.
1:15 of 3rd period - Slapshot by Dave Bolland.
1:15 of 3rd period - Stopped by Keith Kinkaid without a rebound.
1:16 of 3rd period - Robert Nilsson wins face-off versus Dave Bolland in Canucks zone.
2:08 of 3rd period - Snap shot by Chris Kreider.
2:08 of 3rd period - Stopped by Keith Kinkaid without a rebound.
2:09 of 3rd period - Sam Gagner wins face-off versus Mika Zibanejad in Canucks zone.
2:14 of 3rd period - Slapshot by Chris Kreider.
2:14 of 3rd period - Deflect By Mika Zibanejad.
2:14 of 3rd period - Stopped by Keith Kinkaid with a rebound.
2:16 of 3rd period - Wrist shot by Brian Dumoulin.
2:16 of 3rd period - Shot Misses the Net.
2:18 of 3rd period - Slapshot by Brian Dumoulin.
2:18 of 3rd period - Stopped by Keith Kinkaid without a rebound.
2:19 of 3rd period - Robert Nilsson wins face-off versus Mika Zibanejad in Canucks zone.
2:32 of 3rd period - Snap shot by Robert Nilsson.
2:32 of 3rd period - Shot Misses the Net.
2:56 of 3rd period - Wrist shot by Mika Zibanejad.
2:56 of 3rd period - Shot Hit the Post.
3:02 of 3rd period - Wrist shot by Mika Zibanejad.
3:02 of 3rd period - Stopped by Keith Kinkaid with a rebound.
3:12 of 3rd period - Wrist shot by Phil Kessel.
3:12 of 3rd period - Stopped by Keith Kinkaid without a rebound.
3:13 of 3rd period - Evgeni Malkin wins face-off versus Derek Roy in Canucks zone.
3:18 of 3rd period - Slapshot by Evgeni Malkin.
3:18 of 3rd period - Shot Blocked by Yann Sauvé.
4:07 of 3rd period - Off-side.
4:08 of 3rd period - Derek Roy wins face-off versus Evgeni Malkin in neutral zone.
4:35 of 3rd period - Sam Gagner is hit by Brian Dumoulin and loses puck.
5:05 of 3rd period - Yann Sauvé is hit by Bryce Lampman and loses puck.
5:12 of 3rd period - Minor Penalty to Philip Larsen for Hooking.
5:13 of 3rd period - Robert Nilsson wins face-off versus Dave Bolland in Canadiens zone.
5:22 of 3rd period - Wrist shot by Robert Nilsson.
5:22 of 3rd period - Shot Blocked by Mark Stuart.
5:24 of 3rd period - Slapshot by Drew Doughty.
5:24 of 3rd period - Stopped by Allen York without a rebound.
5:25 of 3rd period - Dave Bolland wins face-off versus Robert Nilsson in Canadiens zone.
7:08 of 3rd period - Alex Goligoski is hit by Evgeni Malkin.
7:12 of 3rd period - Penalty to Philip Larsen is over, Philip Larsen is back on ice.
8:26 of 3rd period - Snap shot by Maxim Talbot.
8:26 of 3rd period - Shot Misses the Net.
9:30 of 3rd period - Snap shot by Gustav Nyquist.
9:30 of 3rd period - Stopped by Allen York with a rebound.
9:48 of 3rd period - Snap shot by Jason Akeson.
9:48 of 3rd period - Deflect By Brady Skjei.
9:48 of 3rd period - Shot Misses the Net.
9:48 of 3rd period - Puck is out of play.
9:49 of 3rd period - Cody Eakin wins face-off versus Evgeni Malkin in Canadiens zone.
10:04 of 3rd period - Backhand shot by Alex Goligoski.
10:04 of 3rd period - Deflect By Cody Eakin.
10:04 of 3rd period - Stopped by Allen York with a rebound.
10:06 of 3rd period - Slapshot by Drew Doughty.
10:06 of 3rd period - Deflect By Fabian Brunnstrom.
10:06 of 3rd period - Shot Misses the Net.
10:06 of 3rd period - Puck is out of play.
10:07 of 3rd period - Robert Nilsson wins face-off versus Mika Zibanejad in Canadiens zone.
10:30 of 3rd period - Brady Skjei is hit by Sam Gagner and loses puck.
10:45 of 3rd period - Snap shot by Chris Kreider.
10:45 of 3rd period - Stopped by Keith Kinkaid without a rebound.
10:46 of 3rd period - Jamie Benn wins face-off versus Evgeni Malkin in Canucks zone.
11:14 of 3rd period - Slapshot by Mark Stuart.
11:14 of 3rd period - Stopped by Keith Kinkaid with a rebound.
11:58 of 3rd period - Slapshot by Robert Nilsson.
11:58 of 3rd period - Stopped by Allen York with a rebound.
12:18 of 3rd period - Wrist shot by Nick Palmieri.
12:18 of 3rd period - Deflect By Derek Roy.
12:18 of 3rd period - Shot Misses the Net.
12:18 of 3rd period - Puck is out of play.
12:19 of 3rd period - Evgeni Malkin wins face-off versus Derek Roy in Canadiens zone.
12:46 of 3rd period - Phil Kessel is hit by Alex Goligoski and loses puck.
12:53 of 3rd period - Robert Nilsson is hit by Mika Zibanejad and loses puck.
13:37 of 3rd period - Slapshot by Drew Doughty.
13:37 of 3rd period - Deflect By Gustav Nyquist.
13:37 of 3rd period - Stopped by Allen York without a rebound.
13:38 of 3rd period - Mika Zibanejad wins face-off versus Robert Nilsson in Canadiens zone.
13:53 of 3rd period - Wrist shot by Chris Kreider.
13:53 of 3rd period - Shot Misses the Net.
14:25 of 3rd period - Minor Penalty to Shea Weber for Tripping.
14:26 of 3rd period - Robert Nilsson wins face-off versus Phil Kessel in Canucks zone.
14:26 of 3rd period - Robert Nilsson is hit by Phil Kessel.
14:52 of 3rd period - Robert Nilsson is hit by Greg Stewart and loses puck.
15:15 of 3rd period - Alex Goligoski is hit by Philip Larsen and loses puck.
16:25 of 3rd period - Penalty to Shea Weber is over, Shea Weber is back on ice.
16:45 of 3rd period - Shea Weber is hit by Jakub Vrana and loses puck.
17:36 of 3rd period - Maxim Talbot is hit by Pierre-Marc Bouchard and loses puck.
17:51 of 3rd period - Slapshot by Jason Akeson.
17:51 of 3rd period - Shot Misses the Net.
17:53 of 3rd period - Slapshot by Drew Doughty.
17:53 of 3rd period - Shot Blocked by Brian Dumoulin.
17:55 of 3rd period - Snap shot by Michael Kostka.
17:55 of 3rd period - Shot Misses the Net.
17:57 of 3rd period - Slapshot by Drew Doughty.
17:57 of 3rd period - Deflect By Fabian Brunnstrom.
17:57 of 3rd period - Shot Blocked by Evgeni Malkin.
17:57 of 3rd period - Puck is out of play.
17:58 of 3rd period - Jamie Benn wins face-off versus Mika Zibanejad in Canadiens zone.
18:08 of 3rd period - Minor Penalty to Phil Kessel for Tripping.
18:09 of 3rd period - Robert Nilsson wins face-off versus Dave Bolland in Canadiens zone.
19:08 of 3rd period - Off-side.
19:09 of 3rd period - Nick Spaling wins face-off versus Derek Roy in neutral zone.
Goals for this period are 0 for Canucks vs 0 for Canadiens.
Shots for this period are 5 for Canucks vs 10 for Canadiens.